 Dungeon Crawl Stone Soup version 0.25.1-1-g288607f (webtiles) character file.

Game seed: 588854911039496659

7422 Jonnyslop the Spear-Bearer (level 11, -18/72 HPs)
             Began as a Tengu Gladiator on Aug 4, 2020.
             Was a Priest of the Shining One.
             Hit by a silver javelin thrown by Urug (20 damage)
             ... on level 10 of the Dungeon.
             The game lasted 00:23:14 (9546 turns).

Jonnyslop the Spear-Bearer (Tengu Gladiator)        Turns: 9546, Time: 00:23:15

Health: -18/72     AC: 20    Str: 23    XL:     11   Next: 15%
Magic:  12/12      EV: 10    Int:  8    God:    the Shining One [***...]
Gold:   661        SH:  0    Dex: 17    Spells: 10/10 levels left

rFire    . . .     SeeInvis +   a - +3 halberd
rCold    . . .     Gourm    .   (shield currently unavailable)
rNeg     + . .     Faith    .   b - +1 plate armour
rPois    .         Spirit   .   c - +0 hat
rElec    .         Reflect  .   z - +2 cloak
rCorr    .         Harm     .   n - +0 pair of gloves
MR       .....                  (boots unavailable)
Stlth    ..........             i - amulet of magic regeneration
HPRegen  0.22/turn              w - ring of see invisible
MPRegen  0.38/turn              t - +6 ring of strength

@: mighty, flying quickly and evasively, glowing, quick
A: beak, talons 3, able to fly
a: Stop Flying, Divine Shield, Renounce Religion


You were on level 10 of the Dungeon.
You worshipped the Shining One.
The Shining One was most pleased with you.
You were not hungry.

You visited 2 branches of the dungeon, and saw 11 of its levels.
You also visited: Sewer and Ossuary.

You collected 661 gold pieces.

Inventory:

Hand Weapons
 a - a +3 halberd (weapon)
 o - a +1 trident of freezing
 E - the +3 spear "Cufesets" {flame, rF+++ rN+ Int-4 Dex-2}
   (You found it on level 8 of the Dungeon)

   It has been specially enchanted to burn those struck by it, causing extra
   injury to most foes and up to half again as much damage against particularly
   susceptible opponents.
   It affects your intelligence (-4).
   It affects your dexterity (-2).
   It renders you almost immune to fire.
   It protects you from negative energy.
 G - a +1 trident of venom
Missiles
 d - 8 throwing nets
 j - 21 poisoned darts (quivered)
Armour
 b - a +1 plate armour (worn)
 c - a +0 hat (worn)
 n - a +0 pair of gloves (worn)
 z - a +2 cloak (worn)
Jewellery
 i - an amulet of magic regeneration (around neck)
 m - an uncursed ring of protection from fire
 t - a +6 ring of strength (right hand)
 w - a ring of see invisible (left hand)
Wands
 v - a wand of flame (14)
 C - a wand of acid (8)
Scrolls
 k - 5 scrolls of remove curse
 l - 5 scrolls of teleportation
 p - 4 scrolls of blinking
 u - a scroll of enchant weapon
 y - 2 scrolls of enchant armour
 B - a scroll of fear
Potions
 e - a potion of cancellation
 g - a potion of mutation
 q - 2 potions of curing
 s - 3 potions of lignification
 x - a potion of haste
 A - 4 potions of brilliance {unknown}
 D - 2 potions of degeneration {unknown}
Comestibles
 f - 17 rations
 F - 4 chunks of flesh


   Skills:
 + Level 9.9 Fighting
 + Level 11.7 Polearms
 - Level 2.0 Throwing
 + Level 9.9 Armour
 - Level 3.2 Dodging


You had 10 spell levels left.
You didn't know any spells.
Your spell library contained the following spells:

 Spells                   Type           Power        Failure   Level  Hunger
 Animate Skeleton         Necr           N/A          99%         1    ##.....
 Apportation              Tloc           #.....       99%         1    ##.....
 Corona                   Hex            #......      99%         1    ##.....
 Pain                     Necr           #...         99%         1    ##.....
 Shock                    Conj/Air       #...         99%         1    ##.....
 Summon Small Mammal      Summ           #...         99%         1    ##.....
 Ensorcelled Hibernation  Hex/Ice        #.....       100%        2    ###....
 Swiftness                Chrm/Air       #.......     100%        2    ###....
 Confusing Touch          Hex            #.......     100%        3    ####...
 Dazzling Flash           Conj/Hex       #.....       100%        3    ####...
 Static Discharge         Conj/Air       #.......     100%        3    ####...
 Tukima's Dance           Hex            #.......     100%        3    ####...
 Vampiric Draining        Necr           #.........   100%        3    ####...
 Airstrike                Air            #.........   100%        4    #####..
 Animate Dead             Necr           N/A          100%        4    #####..
 Agony                    Necr           #.......     100%        5    ######.
 Lightning Bolt           Conj/Air       #.........   100%        5    ######.


Dungeon Overview and Level Annotations

Branches:
Dungeon (10/15)            Temple (1/1) D:4             Orc (0/2) D:10
  Sewer (visited)         Ossuary (visited)
   Lair: D:8-11

Altars:
Ashenzari
Cheibriados
Dithmenos
Elyvilon
Fedhas
Gozag
Hepliaklqana
Kikubaaqudgha
Makhleb
Nemelex Xobeh
Okawaru
Qazlal
Ru
Sif Muna
Trog
Uskayaw
Vehumet
Wu Jian
Xom
Yredelemnul
Zin
The Shining One
Beogh

Annotations:
D:4 2 transporters, Roxxy's ghost, novice TeFE
D:10 Urug


Innate Abilities, Weirdness & Mutations

You have a beak for a mouth.
You have claws for feet.
You can fly continuously.


Message History

* * * LOW HITPOINT WARNING * * *
Attack whom?
Press: ? - help, Dir - move target cursor, f/p - Urug
Aim: Urug, wielding a +5 glaive, wearing a +0 scale mail and quivering 2 silver javelins (fast, haloed)
You reach to attack!
You impale Urug!!
Urug is moderately wounded.
Urug closely misses you.
Attack whom?
Press: ? - help, Dir - move target cursor, f/p - Urug
Aim: Urug, wielding a +5 glaive, wearing a +0 scale mail and quivering 2 silver javelins (moderately wounded, fast, haloed)
You reach to attack!
You slash Urug!
Urug is heavily wounded.
Urug hits you from afar with a +5 glaive!!
* * * LOW HITPOINT WARNING * * *
Urug throws a silver javelin.
The silver javelin pierces through you but does no damage.
* * * LOW HITPOINT WARNING * * *
Urug throws a silver javelin.
The silver javelin pierces through you!!
You die...

##.### ##.########
### ##.........
..# ...########
#.# .....########
#o# ............#
#.# ...>..#####.#
#.# ............#
#.#
#####.##########@#
....#.# #.....(#
....#.# #.######
....#.# #.#
....#.#####.#
............#
......#######
......# ......#


You could see Urug (fast).

Vanquished Creatures
  Fannar (D:10)
  Harold (D:9)
  2 centaur zombies (D:10)
  Maggie (D:7)
  3 trolls
  A wyvern (D:10)
  Purgy (Sewer)
  6 orc warriors
  2 sky beasts
  4 ice beasts
  2 necrophages
  A phantom (D:9)
  3 ogres
  3 centaurs
  A big kobold (D:7)
  Blork the orc (D:5)
  3 bullfrogs
  3 scorpions
  6 wights
  17 crimson imps
  A quasit (D:9)
  Crazy Yiuf (D:5)
  A jelly (D:7)
  9 orc priests
  2 centaur skeletons
  9 orc wizards
  An iguana (D:9)
  4 worker ants
  A killer bee zombie (D:10)
  A big kobold zombie (Ossuary)
  A hound skeleton (D:5)
  A hound zombie (D:10)
  6 mummies
  A worker ant zombie (D:7)
  4 gnolls (D:3)
  2 river rats (D:5)
  12 adders
  2 shadow imps
  A white imp (D:9)
  An ooze (D:2)
  3 adder zombies
  8 worms
  2 leopard geckos (D:5)
  51 orcs
  6 giant cockroaches
  7 goblins
  9 hobgoblins
  2 jackals (D:5)
  13 kobolds
  3 quokkas
  4 ball pythons
  12 bats
  10 frilled lizards
  3 goblin zombies (Ossuary)
  4 hobgoblin zombies (Ossuary)
  A jackal skeleton (D:8)
  3 kobold zombies (Ossuary)
  3 orc zombies
  3 quokka zombies (Ossuary)
  16 rats
  2 rat zombies (Ossuary)
288 creatures vanquished.

Vanquished Creatures (others)
  A mummy (D:10)
  A plant (D:4)
2 creatures vanquished.

Grand Total: 290 creatures vanquished

Notes
Turn   | Place    | Note
-------+----------+-------------------------------------------
     0 | D:1      | Jonnyslop the Tengu Gladiator began the quest for the Orb.
     0 | D:1      | Reached XP level 1. HP: 12/12 MP: 2/2
   118 | D:1      | Reached XP level 2. HP: 17/17 MP: 3/3
   416 | D:1      | Reached skill level 4 in Polearms
   685 | D:2      | Reached XP level 3. HP: 22/22 MP: 4/4
   842 | D:2      | Reached XP level 4. HP: 26/27 MP: 5/5
   987 | D:2      | Found a faded altar of an unknown god.
  1328 | D:3      | Reached skill level 5 in Polearms
  1499 | D:3      | Gained mutation: You can fly continuously. [Tengu growth]
  1499 | D:3      | Reached XP level 5. HP: 28/32 MP: 6/6
  2179 | D:3      | Reached skill level 6 in Polearms
  2244 | D:4      | Found a transporter.
  2248 | D:4      | Found a transporter.
  2287 | D:4      | Reached XP level 6. HP: 34/38 MP: 7/7
  2324 | D:4      | Found a staircase to the Ecumenical Temple.
  2331 | Temple   | Entered the Ecumenical Temple
  2918 | D:4      | Noticed Roxxy's ghost (novice TeFE)
  3019 | D:5      | Entered Level 5 of the Dungeon
  3019 | D:5      | Noticed Blork the orc
  3041 | D:5      | Killed Blork the orc
  3041 | D:5      | Reached skill level 1 in Armour
  3124 | D:5      | Reached XP level 7. HP: 36/44 MP: 8/8
  3222 | D:5      | Reached skill level 7 in Polearms
  3313 | D:5      | Found a sand-covered staircase.
  3322 | Ossuary  | Entered an ossuary
  3639 | D:5      | Reached skill level 5 in Fighting
  3665 | D:5      | Found a glowing drain.
  3679 | Sewer    | Entered a sewer
  3698 | Sewer    | Noticed Purgy
  3740 | Sewer    | Killed Purgy
  4085 | D:5      | Reached XP level 8. HP: 50/50 MP: 9/9
  4198 | D:5      | Found a runed translucent door.
  4199 | D:5      | Noticed Crazy Yiuf
  4210 | D:5      | Killed Crazy Yiuf
  4687 | D:6      | Reached skill level 8 in Polearms
  5113 | D:6      | Reached skill level 5 in Armour
  5795 | D:7      | Reached XP level 9. HP: 56/56 MP: 10/10
  6144 | D:7      | Noticed Maggie
  6147 | D:7      | Reached skill level 9 in Polearms
  6163 | D:7      | Killed Maggie
  6190 | D:7      | Found a basalt altar of Yredelemnul.
  6191 | D:7      | Found a hazy altar of Hepliaklqana.
  6193 | D:7      | Found a radiant altar of Vehumet.
  6193 | D:7      | Found a glowing golden altar of the Shining One.
  6193 | D:7      | Found an ancient bone altar of Kikubaaqudgha.
  6195 | D:7      | Found a shimmering altar of Xom.
  6195 | D:7      | Found a burning altar of Makhleb.
  6196 | D:7      | Found a snail-covered altar of Cheibriados.
  6245 | D:7      | Became a worshipper of the Shining One
  6873 | D:8      | Found a shadowy altar of Dithmenos.
  7122 | D:8      | Noticed a moth of wrath
  7126 | D:8      | Found a bloodstained altar of Trog.
  7213 | D:8      | Got an iridescent spear
  7214 | D:8      | Identified the +3 spear "Cufesets" {flame, rF+++ rN+ Int-4
                  | Dex-2} (You found it on level 8 of the Dungeon)
  7270 | D:9      | Reached * piety under the Shining One
  7537 | D:9      | Reached skill level 10 in Polearms
  7654 | D:9      | Noticed Harold
  7668 | D:9      | Killed Harold
  7668 | D:9      | Reached XP level 10. HP: 25/65 MP: 11/11
  7695 | D:9      | Reached ** piety under the Shining One
  8469 | D:10     | Entered Level 10 of the Dungeon
  8678 | D:10     | Noticed Fannar
  8699 | D:10     | Reached skill level 11 in Polearms
  8716 | D:10     | Killed Fannar
  8866 | D:10     | Reached *** piety under the Shining One
  8886 | D:10     | Found a staircase to the Orcish Mines.
  8895 | D:10     | Reached XP level 11. HP: 41/71 MP: 12/12
  9154 | D:10     | Found a roughly hewn altar of Beogh.
  9536 | D:10     | Noticed Urug
  9544 | D:10     | HP: 3/72 [Urug/+5 glaive (18)]
  9546 | D:10     | Hit by a silver javelin thrown by Urug

Illustrated notes

Levels and vault maps discovered:
D:1:      saegor_arrival_simple_a, layout_rooms
D:2:      layout_rooms, chequers_ecumenical_altar_simple_redux,
          kennysheep_path_1, kennysheep_generic_room_10
D:3:      layout_loops_ring, first_ration, guppyfry_early_orc_mine
D:4:      layout_rooms, minmay_temple_entry_overgrown,
          gammafunk_ghost_gnarly_gnolls, hangedman_decor_growths
D:5:      layout_rooms, nicolae_ossuary_entry_giza, portal_sewer_entry_e,
          uniq_crazy_yiuf_cottage, uniq_blork_the_orc
D:6:      layout_basic
D:7:      layout_basic, grunt_temple_overflow_open, grunt_ogre_cave, uniq_maggie
D:8:      layout_cave_pools, nicolae_dithmenos_shadow_blocks, tgw_trog
D:9:      layout_stronghold, minmay_nine_imps, uniq_harold
D:10:     layout_basic, minmay_orc_entry_temple_small, serial_undead,
          serial_undead_d, serial_undead_e, serial_undead_c, serial_undead_d,
          hangedman_minor_magic, uniq_urug, uniq_fannar
Temple:   minmay_temple_bridge_abc

Skill      XL: |  1  2  3  4  5  6  7  8  9 10 |
---------------+-------------------------------+-----
Polearms       | 4 5 6 7 8 10 11 | 11.7
Fighting       | 3 4 5 6 8 9 |  9.9
Armour         | 1 3 5 8 9 |  9.9
Throwing       | |  2.0
Dodging        | |  3.2

Action                   |  1- 3 |  4- 6 |  7- 9 | 10-12 || total
-------------------------+-------+-------+-------+-------++-------
Melee: Trident           |    83 |   158 |   373 |       ||   614
       Peck              |     8 |    18 |    76 |    26 ||   128
       Kick              |    13 |    34 |   113 |    48 ||   208
       Spear             |       |       |    39 |    24 ||    63
       Halberd           |       |       |    16 |   154 ||   170
Throw: Dart              |       |     2 |       |       ||     2
 Abil: Fly               |       |     1 |       |       ||     1
  Use: Scroll            |       |    11 |     8 |       ||    19
       Potion            |       |       |     1 |     5 ||     6
  Eat: Chunk             |       |     7 |     7 |     6 ||    20
       Ration            |       |       |     2 |       ||     2
Armor: Scale mail        |    19 |    21 |       |       ||    40
       Plate armour      |       |    46 |   160 |    48 ||   254
Dodge: Dodged            |    38 |    41 |   107 |    57 ||   243
